 Dungeon Crawl Stone Soup version 0.18.1-50-g88ac8fd (webtiles) character file.

2195 djnw the Caller (level 9, -3/57 HPs)
             Began as a Mummy Summoner on Oct 17, 2016.
             Was a Priest of Sif Muna.
             Slain by an orc priest
             ... wielding a +2 falchion of holy wrath
              (6 damage)
             ... on level 8 of the Dungeon.
             The game lasted 00:28:17 (11095 turns).

djnw the Caller (Mummy Summoner)                   Turns: 11095, Time: 00:28:17

Health: -3/57      AC: 14    Str: 12    XL:     9   Next: 12%
Magic:  1/18       EV: 12    Int: 17    God:    Sif Muna [***...]
Gold:   330        SH:  0    Dex: 12    Spells: 4 memorised, 10 levels left

rFire  x . .     SeeInvis .     n - +3 flail (protect)
rCold  + + .     Gourm    .     a - +0 robe
rNeg   + + +     Faith    .     (no shield)
rPois  ∞         Spirit   .     c - +0 helmet
rElec  .         Dismiss  .     g - +2 cloak
rCorr  .         Reflect  .     (no gloves)
SustAt +         Harm     .     f - +2 pair of boots
MR     +....                    (no amulet)
Stlth  ++........               k - ring of protection from cold
                                e - ring of sustain attributes

@: somewhat resistant to hostile enchantments, unstealthy
A: no food or potions, fire vulnerability, cold resistance 1, negative energy
resistance 3, torment resistance, unbreathing
a: Channel Energy, Renounce Religion


You were on level 8 of the Dungeon.
You worshipped Sif Muna.
Sif Muna was most pleased with you.
You were not hungry.

You visited 2 branches of the dungeon, and saw 9 of its levels.

You collected 330 gold pieces.

Inventory:

Hand Weapons
 n - a +3 flail of protection (weapon)
Armour
 a - a +0 robe (worn)
 c - a +0 helmet (worn)
 f - a +2 pair of boots (worn)
 g - a +2 cloak (worn)
Jewellery
 e - a ring of sustain attributes (left hand)
 i - an uncursed ring of protection from cold
 k - a ring of protection from cold (right hand)
Wands
 d - a wand of polymorph (12/24)
Scrolls
 h - a scroll of recharging
 j - 5 scrolls of identify
 l - a scroll of enchant armour
 m - 3 scrolls of noise
Books
 b - a book of Callings

   Spells                             Type                      Level
   a - Summon Small Mammal            Summoning                    1
   b - Call Imp                       Summoning                    2
   c - Call Canine Familiar           Summoning                    3
   d - Summon Guardian Golem          Hexes/Summoning              3
   e - Summon Lightning Spire         Summoning/Air                4
   f - Summon Ice Beast               Ice/Summoning                4


   Skills:
 - Level 1.5 Dodging
 - Level 1.5 Stealth
 + Level 6.3 Spellcasting
 + Level 7.4 Summonings
 + Level 5.1 Ice Magic


You had 10 spell levels left.
You knew the following spells:

 Your Spells              Type           Power        Failure   Level  Hunger
a - Summon Small Mammal   Summ           ####         1%          1    N/A
b - Call Imp              Summ           ####....     1%          2    N/A
c - Call Canine Familiar  Summ           ####....     1%          3    N/A
d - Summon Ice Beast      Ice/Summ       ####....     12%         4    N/A

Dungeon Overview and Level Annotations

Branches:
Dungeon (8/15)             Temple (1/1) D:4
   Lair: D:8-11

Altars:
Ashenzari
Cheibriados
Dithmenos
Elyvilon
Fedhas
Gozag
Kikubaaqudgha
Makhleb
Nemelex Xobeh
Okawaru
Pakellas
Qazlal
Ru
Sif Muna
Trog
Xom
Zin
The Shining One

Shops:
D:7 [

Annotations:
D:5 Eustachio
D:7 Joseph, Prince Ribbit


Innate Abilities, Weirdness & Mutations

You do not eat or drink.
Your flesh is vulnerable to fire.
You are immune to poison.
Your flesh is cold resistant.
You are immune to negative energy.
You are immune to unholy pain and torment.
You can survive without breathing.


Message History

The orc warrior throws a tomahawk.
The tomahawk barely misses your ice beast.
The tomahawk barely misses you.
Your ice beast closely misses the orc warrior.
The orc priest misses you.
Casting: Summon Ice Beast
Confirm with . or Enter, or press ? or * to list all spells.
A chill wind blows around you. Something hits your ice beast.
The orc warrior throws a tomahawk.
The tomahawk closely misses your ice beast.
The tomahawk hits your ice beast.
Your ice beast hits the orc warrior but does no damage.
The orc priest closely misses you.
You sock the orc priest!
The orc priest is almost dead.
Something barely misses your ice beast.
The orc warrior hits your ice beast with a long sword!!
Your ice beast dies!
The orc priest hits you with a falchion of holy wrath.
You die...

#.. .....#... #.##
######...###### ...
.....#.........
#.#.########....<######
#.#...).#†......##
#.#####a††)o.#..#### #.#
###.##.......##
###.######).##.#..#...###
#oY().(.@oY###...###.....
....o#.######## #####
##.### #....... #..##
######.# ##... #.# ###.
#.. #. ### ##


You could see an orc warrior, an orc priest, 2 orcs and 2 friendly ice beasts.

Vanquished Creatures
  An orc warrior (D:7)
  4 centaurs
  2 giant frogs
  A scorpion (D:6)
  A crimson imp (D:3)
  A jelly (D:6)
  An orc wizard (D:7)
  A giant frog skeleton (D:5)
  A giant frog zombie (D:6)
  2 orc priests
  2 worker ants
  4 adders
  A worm (D:2)
  2 giant geckos
  5 orcs
  2 ball pythons (D:2)
  4 bats
  3 giant cockroaches
  7 hobgoblins
  9 jackals
  4 kobolds
  2 quokkas (D:6)
  4 giant newts
  7 goblins
  5 rats
76 creatures vanquished.

Vanquished Creatures (collateral kills)
  Grinder (D:7)
  A two-headed ogre (D:8)
  A hungry ghost (D:7)
  The ghost of Korbac the Ducker, an amateur MfGl (D:3)
  Menkaure (D:6)
  3 orc warriors
  A black bear (D:7)
  An ice beast (D:5)
  3 ogres
  A necrophage (D:7)
  A centaur (D:5)
  A giant frog (D:7)
  The ghost of Shufflesack the Magician, an amateur DEWz (D:4)
  2 scorpions
  4 howler monkeys (D:8)
  2 crimson imps (D:6)
  A quasit (D:7)
  2 centaur zombies (D:5)
  2 jellies
  2 orc priests
  2 hounds (D:5)
  2 orc wizards
  Terence (D:2)
  2 worker ants
  A worker ant zombie (D:5)
  3 gnolls (D:6)
  4 adders
  A river rat (D:6)
  A worm (D:3)
  2 dart slugs
  2 giant geckos
  14 orcs
  A ball python (D:2)
  4 bats
  A giant cockroach (D:2)
  5 goblins
  6 hobgoblins
  11 jackals
  3 quokkas
  2 giant newts
  2 kobolds (D:2)
  2 rats (D:2)
104 creatures vanquished.

Grand Total: 180 creatures vanquished

Notes
Turn   | Place    | Note
--------------------------------------------------------------
     0 | D:1      | djnw the Mummy Summoner began the quest for the Orb.
     0 | D:1      | Reached XP level 1. HP: 13/13 MP: 3/3
     0 | D:1      | You fall through a shaft!
   422 | D:1      | Reached XP level 2. HP: 14/19 MP: 0/5
  1083 | D:2      | Reached XP level 3. HP: 18/24 MP: 4/6
  1087 | D:2      | Learned a level 2 spell: Call Imp
  1091 | D:2      | Learned a level 3 spell: Call Canine Familiar
  1107 | D:2      | Noticed Terence
  1149 | D:2      | Killed Terence
  1149 | D:2      | Reached skill level 4 in Summonings
  1494 | D:2      | Found an ancient bone altar of Kikubaaqudgha.
  2222 | D:2      | Reached XP level 4. HP: 28/30 MP: 8/8
  2652 | D:3      | Noticed Korbac's ghost (amateur MfGl)
  3439 | D:4      | Noticed Shufflesack's ghost (amateur DEWz)
  3451 | D:4      | Killed Shufflesack's ghost
  3451 | D:4      | Reached XP level 5. HP: 33/35 MP: 1/9
  4324 | D:4      | Found a blossoming altar of Fedhas.
  4338 | D:4      | Found an iron altar of Okawaru.
  4352 | D:4      | Found a shattered altar of Ashenzari.
  4368 | D:4      | Found a snail-covered altar of Cheibriados.
  4381 | D:4      | Found a staircase to the Ecumenical Temple.
  4396 | Temple   | Entered the Ecumenical Temple
  4778 | D:4      | Found a glowing silver altar of Zin.
  4778 | D:4      | Found a deep blue altar of Sif Muna.
  4786 | D:4      | Became a worshipper of Sif Muna the Loreminder
  5023 | D:3      | Reached skill level 5 in Summonings
  5309 | D:3      | Found a shadowy altar of Dithmenos.
  5778 | D:3      | Killed Korbac's ghost
  5778 | D:3      | Reached XP level 6. HP: 41/41 MP: 1/11
  6230 | D:4      | Learned a level 4 spell: Summon Ice Beast
  6231 | D:5      | Entered Level 5 of the Dungeon
  6244 | D:5      | Found an opulent altar of Gozag.
  6441 | D:5      | Noticed an ice beast
  6452 | D:5      | Killed an ice beast
  6561 | D:5      | Noticed Eustachio
  6608 | D:4      | Reached * piety under Sif Muna
  6985 | D:5      | Reached skill level 6 in Summonings
  6985 | D:5      | Reached skill level 1 in Ice Magic
  6985 | D:5      | Reached XP level 7. HP: 46/46 MP: 5/13
  7162 | D:5      | Found an opulent altar of Gozag.
  7183 | D:5      | Found an oddly glowing altar of Pakellas.
  7408 | D:5      | Noticed Grinder
  8704 | D:6      | Reached ** piety under Sif Muna
  8816 | D:6      | Reached XP level 8. HP: 48/52 MP: 10/15
  8879 | D:6      | Noticed Menkaure
  8924 | D:6      | Killed Menkaure
  8924 | D:6      | Reached skill level 5 in Spellcasting
  9966 | D:7      | Found Emnal's Armour Boutique.
 10054 | D:7      | Reached skill level 7 in Summonings
 10097 | D:7      | Reached *** piety under Sif Muna
 10103 | D:7      | Paralysed by Grinder for 6 turns
 10105 | D:7      | Killed Grinder
 10472 | D:7      | Noticed Joseph
 10478 | D:7      | Noticed Prince Ribbit
 10962 | D:8      | Noticed a two-headed ogre
 10966 | D:8      | Reached XP level 9. HP: 57/57 MP: 6/18
 10972 | D:8      | Reached skill level 5 in Ice Magic
 11093 | D:8      | HP: 2/57 [orc priest/falchion of holy wrath (3)]
 11095 | D:8      | Slain by an orc priest

Skill      XL: |  1  2  3  4  5  6  7  8  9 |
---------------+----------------------------+-----
Summonings     | 4 5 6 7 |  7.4
Spellcasting   | 3 4 6 |  6.3
Ice Magic      | 1 3 4 5 |  5.1
Dodging        | |  1.5
Stealth        | |  1.5

Action                   |  1- 3 |  4- 6 |  7- 9 || total
-------------------------+-------+-------+-------++-------
Melee: Dagger            |    20 |       |       ||    20
       Unarmed           |     8 |       |       ||     8
       Mace              |    94 |    88 |       ||   182
       Whip              |     6 |       |       ||     6
       Flail             |       |    41 |   202 ||   243
 Cast: Summon Small Mamm |    25 |     1 |     1 ||    27
       Call Canine Famil |     8 |    20 |    34 ||    62
       Call Imp          |     4 |    47 |    39 ||    90
       Summon Ice Beast  |       |       |    22 ||    22
Evoke: Wand              |       |       |     1 ||     1
  Use: Scroll            |     3 |    11 |     2 ||    16
 Stab: Sleeping          |     1 |       |     2 ||     3
       Distracted        |       |     1 |     3 ||     4
Armor: Robe              |    58 |    86 |   144 ||   288
Dodge: Dodged            |   150 |   131 |   201 ||   482
